 Dungeon Crawl Stone Soup version 0.31.0-32-g396128a36d (webtiles) character file.

Game seed: 13358901568744742596

178 gohu the Magician (level 5, -1/37 HPs)
             Began as a Djinni Fire Elementalist on Mar 12, 2024.
             Was a Follower of Makhleb.
             Slain by Prince Ribbit (11 damage)
             ... on level 5 of the Dungeon.
             The game lasted 00:04:50 (3461 turns).

gohu the Magician (Djinni Fire Elementalist)        Turns: 3461, Time: 00:04:51

Health: -1/37      AC:  6    Str:  7    XL:     5   Next: 89%
Gold:   251        EV: 11    Int: 18    God:    Makhleb [*.....] SH:  0 Dex: 14

rFire   + + .        (no weapon)
rCold   . . .        (no shield)
rNeg    + . .        m - +3 leather armour "Boilinka" {rC+ rN+ Will+}
rPois   ∞            (no helmet)
rElec   .            (no cloak)
rCorr   .            (no gloves)
SInv    .            (boots unavailable)
Will    +....        p - amulet of faith
Stlth   ++           (no ring)
HPRegen 0.26/turn    (no ring)
MPRegen 0.00/turn

%: faith, infuse magic (-2 HP)
@: flying
A: sickness immunity, fire resistance 2, cold vulnerability 1, float, innate
caster, HP casting, extra vitality 1
a: Renounce Religion


You were on level 5 of the Dungeon.
You worshipped Makhleb.
Makhleb was aware of your devotion.
You visited 2 branches of the dungeon, and saw 6 of its levels.

You collected 251 gold pieces.

Inventory:

Armour
 a - a +0 robe
 m - the +3 leather armour "Boilinka" (worn) {rC+ rN+ Will+}
   (You took it off a kobold on level 2 of the Dungeon)

   rC+:       It protects you from cold.
   rN+:       It protects you from negative energy.
   Will+:     It increases your willpower.
Jewellery
 p - an amulet of faith (around neck)
 s - an amulet of reflection
Scrolls
 c - a scroll of acquirement {unknown}
 d - 2 scrolls of identify {unknown}
 e - 2 scrolls of teleportation
 g - 2 scrolls of vulnerability
 h - a scroll of enchant weapon {unknown}
 j - 2 scrolls of noise {unknown}
 l - a scroll of enchant armour {unknown}
 u - a scroll of poison {unknown}
Potions
 b - a potion of magic {unknown}
 f - a potion of attraction {unknown}
 i - a potion of ambrosia {unknown}
 k - a potion of brilliance {unknown}
 n - a potion of mutation {unknown}
 o - a potion of curing {unknown}
 q - a potion of heal wounds {unknown}
 r - a potion of invisibility {unknown}
 t - a potion of might {unknown}


   Skills:
 + Level 1.5 Fighting
 + Level 1.5 Armour
 - Level 2.1 Dodging
 - Level 1.5 Stealth
 * Level 4.7 Spellcasting
 * Level 4.7 Conjurations
 * Level 4.7 Hexes
   Level 0.0 Charms
 * Level 4.7 Summonings
 * Level 4.7 Necromancy
 * Level 4.7 Translocations
   Level 0.0 Transmutations
 * Level 4.7 Fire Magic
 * Level 4.7 Ice Magic
 * Level 4.7 Air Magic
 * Level 4.7 Earth Magic
 * Level 4.7 Alchemy


You knew the following spells:

 Your Spells              Type           Power      Damage    Failure   Level
a - Foxfire               Conj/Fire      84%        2x1d8     3%          1
b - Scorch                Fire           42%        2d6       4%          2
c - Volatile Blastmotes   Fire/Tloc      42%        2d13      9%          3
d - Inner Flame           Hex/Fire       21%        N/A       9%          3
e - Flame Wave            Conj/Fire      21%        2d8       28%         4
f - Sting                 Conj/Alch      84%        1d8       3%          1
g - Static Discharge      Conj/Air       42%        3-5/arc   4%          2
Your spell library was empty.

Dungeon Overview and Level Annotations

Branches:
Dungeon (5/15)             Temple (1/1) D:4

Altars:
Ashenzari
Elyvilon
Fedhas
Gozag
Makhleb
Nemelex Xobeh
Qazlal
Ru
Uskayaw
Wu Jian
Xom
Yredelemnul
Zin
The Shining One

Shops:
D:2 ((

Annotations:
D:5 Prince Ribbit


Innate Abilities, Weirdness & Mutations

You are immune to sickness and miasma.
You are immune to poison.
Your flesh is very heat resistant. (rF++)
You are vulnerable to cold. (rC-)
You float through the air rather than walking.
You learn spells naturally, not from books.
Your magical power is your life essence.
You have superior vitality. (+4 MHP)


Message History

HP restored.
You now have 239 gold pieces (gained 14).
u - a scroll labelled ESIVENI MUISEI You now have 251 gold pieces (gained 12).
Found a stone staircase leading down.
Prince Ribbit comes into view.
Casting: Scorch (safe; 4% risk of failure)
Confirm with . or Enter, or press ? or * to list all spells.
You conjure some foxfire!
Your foxfire dissipates!
Your foxfire dissipates!
Casting: Foxfire (safe; 3% risk of failure)
Confirm with . or Enter, or press ? or * to list all spells.
You conjure some foxfire!
Prince Ribbit gives a loud, deep croak!
The foxfire hits Prince Ribbit!
Prince Ribbit is lightly wounded.
The foxfire hits Prince Ribbit.
Prince Ribbit is moderately wounded.
Prince Ribbit blinks!
Prince Ribbit blinks!
Prince Ribbit attacks as he pursues you!
Prince Ribbit hits you!
Prince Ribbit sighs, "It's not easy being green!"
Prince Ribbit hits you!
There is a stone staircase leading up here.
Casting: Foxfire (safe; 3% risk of failure)
Confirm with . or Enter, or press ? or * to list all spells.
A cloud of volatile blastmotes flares up around you!
Run!
* * * LOW HITPOINT WARNING * * *
Prince Ribbit closely misses you.
Prince Ribbit blinks!
Casting: Volatile Blastmotes (dangerous; 9% risk of failure)
Confirm with . or Enter, or press ? or * to list all spells.
Flames lash Prince Ribbit.
Prince Ribbit is heavily wounded.
Prince Ribbit's fire resistance burns away.
* * * LOW HITPOINT WARNING * * *
Prince Ribbit hits you!
You die...

............
#..##.#.#.#.
#.......!.. #..#.#.#.
##........ #†..#.#.#.
######.........
#.######..............
#...F@§§...........§..
##.##########.........
#..............
#...........#..
#...........#.#
#.............#
#.............#
#....#.........
...........#.###.


You could see Prince Ribbit (combustible).

Vanquished Creatures
  3 gnolls (D:4)
  5 adders
  4 dart slugs
  A ribbon worm (D:2)
  4 orcs
  6 bats
  9 endoplasms
  4 giant cockroaches
  11 goblins
  14 hobgoblins
  3 jackals (D:3)
  3 quokkas
  6 ball pythons
  2 frilled lizards
  3 kobolds
  4 rats
82 creatures vanquished.

Vanquished Creatures (others)
  190 foxfires
190 creatures vanquished.

Grand Total: 272 creatures vanquished

Notes
Turn   | Place    | Note
-------+----------+-------------------------------------------
     0 | D:1      | gohu the Djinni Fire Elementalist began the quest for the
                  | Orb.
     0 | D:1      | gohu set off with the following spells memorised: Foxfire,
                  | Scorch, Volatile Blastmotes, Inner Flame, Flame Wave.
     0 | D:1      | Reached XP level 1. HP: 15/15 MP: 0/0
   124 | D:1      | Reached XP level 2. HP: 19/21 MP: 0/0
   363 | D:1      | Reached XP level 3. HP: 23/25 MP: 0/0
   363 | D:1      | Learned a level 1 spell: Sting
   995 | D:2      | Found a faded altar of an unknown god.
  1233 | D:2      | Reached XP level 4. HP: 27/31 MP: 0/0
  1289 | D:2      | Found Zufegh's Weapon Emporium.
  1295 | D:2      | Identified the +3 leather armour "Boilinka" {rC+ rN+ Will+}
  1526 | D:2      | Found Hohunap's Weapon Emporium.
  1998 | D:3      | Found a broken altar of Ashenzari.
  2024 | D:3      | Found a burning altar of Makhleb.
  2030 | D:3      | Became a worshipper of Makhleb the Destroyer
  2059 | D:3      | Reached XP level 5. HP: 35/36 MP: 0/0
  2059 | D:3      | Learned a level 2 spell: Static Discharge
  2080 | D:3      | Found an ornate altar of the Wu Jian Council.
  2506 | D:4      | Reached skill level 1 in Fighting
  2506 | D:4      | Reached skill level 1 in Armour
  2559 | D:4      | Found a staircase to the Ecumenical Temple.
  2663 | D:4      | Reached * piety under Makhleb
  2734 | Temple   | Entered the Ecumenical Temple
  2802 | D:4      | Found a hide-covered altar of Uskayaw.
  3219 | D:4      | Found a glowing golden altar of the Shining One.
  3365 | D:5      | Entered Level 5 of the Dungeon
  3437 | D:5      | Noticed Prince Ribbit
  3461 | D:5      | Slain by Prince Ribbit

Illustrated notes

Levels and vault maps discovered:
D:1:      minmay_arrival_doors, layout_loops_ring
D:2:      layout_basic, serial_shops, nicolae_shop_bloodbath_and_beyond,
          nicolae_square_shop, ebering_ecumenical_altar_webs
D:3:      layout_rooms, lemuel_crystal_altar, lemuel_tele_altar,
          cheibrodos_ashenzari_chains
D:4:      layout_basic, mainiacjoe_overflow_paths,
          mainiacjoe_overflow_cross_hatched, minmay_temple_entry_ruins,
          serial_bayou, serial_bayou_crossing, serial_bayou_pond_a,
          serial_bayou_pond_a, serial_bayou_pond_a
D:5:      layout_rooms, chei_slow_surprise, serial_glass, glass_columns_a,
          glass_columns_c, feat_on_display, item_on_display_a, feat_on_display,
          uniq_prince_ribbit1
Temple:   compressed_dpeg_circular_temple

Skill      XL: |  1  2  3  4  5 |
---------------+----------------+-----
Spellcasting   | 4 |  4.7
Conjurations   | 4 |  4.7
Hexes          | 4 |  4.7
Summonings     | 4 |  4.7
Necromancy     | 4 |  4.7
Translocations | 4 |  4.7
Fire Magic     | 4 |  4.7
Ice Magic      | 4 |  4.7
Air Magic      | 4 |  4.7
Earth Magic    | 4 |  4.7
Alchemy        | 4 |  4.7
Fighting       | 1 |  1.5
Armour         | 1 |  1.5
Dodging        | |  2.1
Stealth        | |  1.5

Action                     |  1- 3 |  4- 6 || total
---------------------------+-------+-------++-------
   Cast: Foxfire           |    58 |    68 ||   126
         Scorch            |    13 |    26 ||    39
         Volatile Blastmot |       |     6 ||     6
    Use: Scroll            |       |     2 ||     2
 Armour: Robe              |     6 |     4 ||    10
         Leather armour    |       |    19 ||    19
  Dodge: Dodged            |     7 |    20 ||    27
